AoeStats
← Runxi24

Arena

509294848Analyzed
3v3 RM · 5d ago on Sep 26, 2026· 26m 40s· 6 players
Game mode
Random Map
Map size
Normal (6 player)
Population
200
Speed
Normal
Resources
Standard
Victory
Conquest
Starting age
Dark Age
Ending age
Imperial Age
RankedLock teamsTeams togetherTeam positionsShared explorationLock speedFull tech treeHidden civsTurbo modeCheats
Victory
Defeat
🇦🇺 Lithuanians · Australia
1516
+8
🇦🇺 Celts · Australia
1464
+10
🇦🇺 Khmer · Australia
1459
+10
🇺🇸 Bohemians · United States
1418
-13
🇪🇸 Saxons · Spain
1315
-9
🇪🇸 Poles · Spain
1228
-6
doggenoside12
4:02 Loom
10:09 Feudal Age
11:51 Loom
15:16 Castle Age
13:21 Double-Bit Axe
14:40 Gold Mining
14:31 Horse Collar
16:31 Wheelbarrow
18:01 Bow Saw
Catskin
10:31 Feudal Age
14:18 Castle Age
12:55 Horse Collar
13:00 Double-Bit Axe
13:18 Horse Collar
15:25 Bow Saw
21:48 Gold Mining
21:53 Stone Mining
22:53 Heavy Plow
23:35 Wheelbarrow
24:40 Gold Mining
24:55 Gold Mining
25:22 Hand Cart
26:28 Scale Barding Armor
26:34 Forging
29:39 Imperial Age
Grillipop
10:56 Feudal Age
11:03 Feudal Age
14:30 Castle Age
12:45 Double-Bit Axe
12:55 Horse Collar
15:30 Bow Saw
17:00 Heavy Plow
17:54 Scale Barding Armor
18:21 Bloodlines
20:11 Husbandry
22:49 Chain Barding Armor
23:50 Forging
25:39 Wheelbarrow
24:59 Gold Mining
26:13 Iron Casting
el_Feist
10:49 Feudal Age
12:07 Double-Bit Axe
15:10 Castle Age
13:29 Horse Collar
17:16 Wheelbarrow
16:57 Bow Saw
19:11 Loom
ReyCocobolo
11:45 Feudal Age
15:42 Castle Age
13:43 Double-Bit Axe
14:08 Horse Collar
16:44 Bow Saw
16:44 Heavy Plow
16:42 Loom
21:35 Town Watch
23:56 Wheelbarrow
24:40 Gold Mining
25:30 Hand Cart
29:16 Imperial Age
Runxi24
10:25 Feudal Age
14:48 Castle Age
13:08 Double-Bit Axe
13:54 Horse Collar
20:23 Gold Mining
21:00 Heavy Plow
21:45 Bloodlines
23:21 Scale Barding Armor
25:05 Forging
26:02 Wheelbarrow
25:16 Loom
25:59 Fletching
Connection lost

Rejoining the realm…

Still unreachable

The connection could not be restored.

Session expired

The server has moved on; the page needs a fresh start.